 Dungeon Crawl Stone Soup version 0.25-a0-634-gd1561dc703 (webtiles) character file.

Game seed: 6111500093068491013, levelgen mode: deterministic

247 DasRunzen the Grave Robber (level 5, -11/39 HPs)
             Began as a Mummy Necromancer on Mar 20, 2020.
             Mangled by a mummy (15 damage)
             ... in an ossuary.
             The game lasted 00:11:33 (4338 turns).

DasRunzen the Grave Robber (Mummy Necromancer)      Turns: 4338, Time: 00:11:34

Health: -11/39     AC:  4    Str: 12    XL:     5   Next: 85%
Magic:  11/11      EV: 13    Int: 15    God:
Gold:   173        SH:  0    Dex: 14    Spells: 8/12 levels left

rFire    x . .     SeeInvis .   i - +0 falchion (freeze)
rCold    + . .     Gourm    .   (no shield)
rNeg     + + +     Faith    .   a - +0 robe
rPois    ∞         Spirit   .   (no helmet)
rElec    .         Reflect  .   (no cloak)
rCorr    .         Harm     .   (no gloves)
MR       .....                  f - +1 pair of boots
Stlth    ++........             (no amulet)
HPRegen  0.13/turn              h - +2 ring of dexterity
MPRegen  0.12/turn              (no ring)

@: no status effects
A: no food or potions, fire vulnerability, cold resistance 1, negative energy
resistance 3, torment resistance, unbreathing
a: no special abilities


You were in an ossuary.
You were not hungry.

You visited 1 branch of the dungeon, and saw 4 of its levels.
You also visited: Ossuary.

You collected 173 gold pieces.

Inventory:

Hand Weapons
 i - a +0 falchion of freezing (weapon)
Armour
 a - a +0 robe (worn)
 f - a +1 pair of boots (worn)
Jewellery
 b - an uncursed amulet of regeneration
 h - a +2 ring of dexterity (left hand)
Scrolls
 c - 2 scrolls of remove curse
 d - 2 scrolls of identify
 g - a scroll of amnesia


   Skills:
 + Level 2.6 Fighting
 + Level 2.9 Dodging
 - Level 1.5 Stealth
 + Level 4.3 Spellcasting
 + Level 4.9 Necromancy


You had 8 spell levels left.
You knew the following spells:

 Your Spells              Type           Power        Failure   Level  Hunger
a - Pain                  Necr           ###.         2%          1    N/A
b - Vampiric Draining     Necr           ###.......   7%          3    N/A

Your spell library contained the following spells:

 Spells                   Type           Power        Failure   Level  Hunger
 Animate Skeleton         Necr           N/A          2%          1    N/A
 Animate Dead             Necr           N/A          22%         4    N/A
 Agony                    Necr           ###.....     54%         5    N/A

Dungeon Overview and Level Annotations

Branches:
Dungeon (4/15)            Ossuary (1/1)
 Temple: D:4-7

Altars:


Innate Abilities, Weirdness & Mutations

You do not eat or drink.
Your flesh is vulnerable to fire.
You are immune to poison.
Your flesh is cold resistant. (rC+)
You are immune to negative energy. (rN+++)
You are immune to unholy pain and torment.
You can survive without breathing.


Message History

The mummy barely misses you.
Unknown command.
You hit the mummy but do no damage.
The mummy is severely damaged.
The gnoll zombie misses you. The hobgoblin zombie hits you.
* * * LOW HITPOINT WARNING * * *
Unknown command.
You hit the mummy.
The mummy is severely damaged.
The gnoll zombie barely misses you.
You riposte.
You hit the gnoll zombie.
You destroy the gnoll zombie!
The mummy hits you.
* * * LOW HITPOINT WARNING * * *
The hobgoblin zombie hits you.
* * * LOW HITPOINT WARNING * * *
You hit the mummy but do no damage.
The mummy is severely damaged.
The hobgoblin zombie hits you but does no damage.
The mummy hits you!
You die...

#....#
#....#
#....#
#....#
#....#
#....#
#....#
#..ZZ#
#.∩M@#
######


You could see a mummy and 2 hobgoblin zombies.

Vanquished Creatures
  An iguana (D:3)
  Jessica (D:2)
  Terence (D:3)
  5 adders (D:2)
  4 worms
  5 dart slugs
  A leopard gecko (D:2)
  10 orcs
  9 bats
  6 giant cockroaches
  A gnoll zombie (Ossuary)
  9 hobgoblins
  10 jackals
  A quokka (D:2)
  A ball python (D:2)
  3 frilled lizards
  5 goblins
  6 kobolds
  A kobold zombie (Ossuary)
  16 rats
96 creatures vanquished.

Notes
Turn   | Place    | Note
-------+----------+-------------------------------------------
     0 | D:1      | DasRunzen the Mummy Necromancer began the quest for the
                  | Orb.
     0 | D:1      | Reached XP level 1. HP: 13/13 MP: 4/4
   262 | D:1      | Reached XP level 2. HP: 20/20 MP: 2/5
   747 | D:1      | Reached skill level 1 in Fighting
   921 | D:1      | Reached XP level 3. HP: 13/26 MP: 0/7
  1935 | D:2      | Noticed Jessica
  1941 | D:2      | Killed Jessica
  1941 | D:2      | Reached XP level 4. HP: 33/33 MP: 2/9
  2457 | D:2      | Reached XP level 5. HP: 38/38 MP: 7/10
  3104 | D:3      | Learned a level 3 spell: Vampiric Draining
  3533 | D:3      | Noticed Terence
  3545 | D:3      | Killed Terence
  4242 | D:4      | Found a sand-covered staircase.
  4307 | Ossuary  | Entered an ossuary
  4338 | Ossuary  | Mangled by a mummy

Levels and vault maps discovered:
D:1:      mrwooster_arrival_statue, layout_basic
D:2:      layout_basic, minivault_26, minmay_rat_gold_closets, uniq_jessica
D:3:      layout_basic, chequers_mini_garden, due_unseen_surprise, uniq_terence
D:4:      layout_gridville, nicolae_ossuary_entry_plus
Ossuary:  ossuary_tomb_3

Skill      XL: |  1  2  3  4  5 |
---------------+----------------+-----
Spellcasting   | 3 4 |  4.3
Fighting       | 1 2 |  2.6
Dodging        | 2 |  2.9
Stealth        | |  1.5
Necromancy     | |  4.9

Action                   |  1- 3 |  4- 6 || total
-------------------------+-------+-------++-------
Melee: Dagger            |     9 |    32 ||    41
       Falchion          |       |    23 ||    23
 Cast: Pain              |    93 |   121 ||   214
  Use: Scroll            |     4 |     4 ||     8
Armor: Robe              |     6 |    19 ||    25
Dodge: Dodged            |    18 |    64 ||    82
       Rpst.: Falchion   |       |    12 ||    12

Table legend:
 A = Non-vault XP
 B = Vault XP
 C = Vault XP percentage of total XP
 D = Non-vault monster count
 E = Vault monster count
 F = Vault count percentage of total count
                 A         B        C        D         E       F
            +---------+---------+-------+---------+---------+-------
      Total |     274 |      79 |  22.4 |      85 |      11 |  11.5
            +---------+---------+-------+---------+---------+-------
        D:1 |      46 |       0 |   0.0 |      24 |       0 |   0.0
        D:2 |     126 |      44 |  25.9 |      35 |       8 |  18.6
        D:3 |      88 |      32 |  26.7 |      21 |       1 |   4.5
        D:4 |      14 |       0 |   0.0 |       5 |       0 |   0.0
    Ossuary |       0 |       3 | 100.0 |       0 |       2 | 100.0
            +---------+---------+-------+---------+---------+-------
